 Dungeon Crawl Stone Soup version 0.31-a0-981-geadf994542 (webtiles) character file.

Game seed: 15662803878657860121

6508 Gladio the Slicer (level 10, -4/120 HPs)
             Began as a Vampire Gladiator on Oct 31, 2023.
             Was a Believer of Lugonu.
             Slain by an orc warrior
             ... wielding a +0 halberd
              (7 damage)
             ... on level 9 of the Dungeon.
             The game lasted 00:17:33 (8349 turns).

Gladio the Slicer (Vampire Gladiator)               Turns: 8349, Time: 00:17:34

Health: -4/120     AC: 29    Str: 13    XL:     10   Next: 69%
Magic:  13/13      EV:  2    Int: 11    God:    Lugonu [**....]
Gold:   555        SH:  5    Dex: 20    Spells: 9/9 levels left

rFire   + . .        r - +3 long sword "Xath" {heavy, Drain rF+ rCorr SInv}
rCold   . . .        f - +0 buckler
rNeg    . . .        v - melded +1 steam dragon scales
rPois   +            c - melded +1 helmet
rElec   .            (cloak currently unavailable)
rCorr   +            (gloves currently unavailable)
SInv    +            (boots currently unavailable)
Will    ++...        k - amulet of the acrobat
Stlth   ++           x - +4 ring of protection
HPRegen 0.60/turn    F - ring of willpower
MPRegen 0.13/turn

%: acrobat
@: mighty, tree-form (expiring), healing quickly, invisible
A: stationary, stasis, torment immunity, boosted hp, alive, (fangs 3), see
invisible, vampiric 2
a: Exsanguinate, Renounce Religion, Depart the Abyss, Banish


You were on level 9 of the Dungeon.
You worshipped Lugonu.
Lugonu was pleased with you.
You were a tree.
You visited 2 branches of the dungeon, and saw 10 of its levels.

You collected 555 gold pieces.

Inventory:

Hand Weapons
 a - a +0 rapier
 r - the +3 long sword "Xath" (weapon) {heavy, Drain rF+ rCorr SInv}
   (You took it off a gnoll bouda on level 4 of the Dungeon)

   rF+:       It protects you from fire.
   SInv:      It lets you see invisible.
   rCorr:     It protects you from acid and corrosion.
   Drain:     It drains your maximum health when unequipped.
Missiles
 d - 5 throwing nets
 e - a javelin
 y - 12 boomerangs
 E - 19 poisoned darts (quivered)
Armour
 b - a +0 leather armour
 c - a +1 helmet (melded)
 f - a +0 buckler (worn)
 i - a +0 ring mail
 v - +1 steam dragon scales (melded)
 D - a +1 leather armour of cold resistance
Jewellery
 k - an amulet of the acrobat (around neck)
 x - a +4 ring of protection (left branch)
 A - a ring of poison resistance
 F - a ring of willpower (right branch)
 P - an amulet of regeneration
Wands
 w - a wand of roots (18)
 L - a wand of flame (4)
 N - a wand of digging (6)
Scrolls
 g - a scroll of silence
 h - a scroll of fear {unknown}
 l - a scroll of poison
 o - a scroll of blinking {unknown}
 p - 3 scrolls of amnesia
 t - 2 scrolls of brand weapon {unknown}
 u - 2 scrolls of teleportation
 z - a scroll of noise {unknown}
 B - a scroll of acquirement {unknown}
 C - a scroll of immolation {unknown}
 G - a scroll of enchant weapon {unknown}
Potions
 j - a potion of degeneration {unknown}
 n - 2 potions of lignification
 q - 3 potions of attraction
 s - 4 potions of brilliance
 H - 2 potions of magic
 I - a potion of invisibility
 K - 2 potions of ambrosia
 M - a potion of curing {unknown}
 O - a potion of haste {unknown}


   Skills:
 + Level 7.8 Fighting
 - Level 9.9(11.3) Short Blades
 * Level 8.0(9.9) Long Blades
 - Level 1.5 Throwing
 + Level 6.5 Dodging
 - Level 3.0 Shields
 + Level 4.2 Invocations


You had 9 spell levels left.
You didn't know any spells.
Your spell library contained the following spells:

 Spells                   Type           Power      Damage    Failure   Level
 Magic Dart               Conj           0%         1d3       43%         1
 Call Imp                 Summ           0%         N/A       58%         2
 Poisonous Vapours        Pois/Air       0%         N/A       58%         2
 Mephitic Cloud           Conj/Pois/Air  0%         N/A       82%         3
 Freezing Cloud           Conj/Ice/Air   0%         6-21      100%        5


Dungeon Overview and Level Annotations

Branches:
Dungeon (9/15)             Temple (1/1) D:5
   Lair: D:8-11         Orc: D:9-12

Altars:
Ashenzari
Cheibriados
Dithmenos
Fedhas
Gozag
Hepliaklqana
Kikubaaqudgha
Makhleb
Nemelex Xobeh
Qazlal
Ru
Sif Muna
Trog
Wu Jian
Xom
Yredelemnul
Lugonu

Shops:
D:4 :=   D:8 =

Portals:
Abyss: D:6

Annotations:
D:8 Gastronok


Innate Abilities, Weirdness & Mutations

You are a tree.
Your roots penetrate the ground, keeping you stationary.
You cannot be teleported.
You are immune to unholy pain and torment.
Your maximum health is greatly increased.
Your equipment is partially melded.
Your natural rate of healing is accelerated.
((You have razor-sharp teeth.))
You have supernaturally acute eyesight. (SInv)
You are afflicted with vampirism and can become a bat while bloodless.


Message History

You are confused.
You feel invigorated.
You feel sick.
The wyvern bites you but does no damage.
The gnoll sergeant hits you from afar with a +5 spear of venom!
* * * LOW HITPOINT WARNING * * *
The orc warrior hits you but does no damage.
You cannot move. (Use ctrl+direction or * direction to attack while stationary and confused.)
You cannot move. (Use ctrl+direction or * direction to attack while stationary and confused.)
You attack the rock wall.
You feel sick.
The wyvern bites you but does no damage.
The wyvern bites you!
* * * LOW HITPOINT WARNING * * *
The orc warrior barely misses you.
The gnoll sergeant hits you but does no damage.
You barely miss the wyvern.
The wyvern is almost dead.
You feel sick.
The wyvern bites you but does no damage.
The gnoll sergeant hits you but does no damage.
The wyvern bites you!
* * * LOW HITPOINT WARNING * * *
The gnoll sergeant hits you but does no damage.
You attack the rock wall.
You feel less invigorated.
You feel less confused.
You feel sick.
You are no longer poisoned.
The wyvern bites you!
* * * LOW HITPOINT WARNING * * *
The wyvern bites you!
* * * LOW HITPOINT WARNING * * *
The gnoll sergeant hits you but does no damage.
It was a potion of might.
You feel very mighty all of a sudden.
Your transformation is almost over.
The wyvern bites you!
* * * LOW HITPOINT WARNING * * *
The orc priest looks braver for a moment.
The wyvern bites you but does no damage.
You block the gnoll sergeant's attack.
The orc warrior hits you from afar with a +0 halberd!
You die...

#...#####..
#######..........
.................
########'#...........
#.....<..#....##.....
#........#....+.......
#........#....#<......
#.#######o##og..#...#...
#......♣lgoggo..........
############oo..8.....8.
#.......o....
####....>o...
................
..........[.....
....##.........? ...
...8.....8. ..
#...........


You could see an orc warrior (unable to see you), a wyvern (unable to see you),
a gnoll sergeant (unable to see you), 3 orc priests, an orc wizard (unable to
see you), 3 gnolls and an orc (unable to see you).

Vanquished Creatures
  Pikel (D:7)
  Joseph (D:7)
  Maggie (D:8)
  Grinder (D:6)
  Prince Ribbit (D:8)
  Sigmund (D:5)
  6 yaks (D:8)
  2 wyverns
  Eustachio (D:6)
  A steam dragon (D:8)
  Menkaure (D:5)
  A warg (D:9)
  4 water moccasins
  A sky beast (D:7)
  An orc warrior (D:6)
  2 ice beasts
  3 black bears
  An ogre (D:4)
  A centaur (D:7)
  A phantom (D:4)
  Blork the orc (D:5)
  A wyvern zombie (D:7)
  4 necrophages (D:7)
  A scorpion (D:5)
  3 wights (D:7)
  A bullfrog zombie (D:7)
  A centaur zombie (D:7)
  A human zombie (D:7)
  4 jellies
  3 gnoll boudas
  3 orc priests
  5 hounds
  A sleepcap (D:8)
  3 iguanas
  9 orc wizards
  A mummy (D:7)
  13 gnolls
  8 adders
  4 white imps
  4 ufetubi
  A worm (D:4)
  2 dart slugs
  25 orcs
  4 ball pythons
  7 endoplasms
  3 giant cockroaches
  7 goblins
  8 hobgoblins
  3 jackals
  9 quokkas
  9 bats
  2 frilled lizards
  11 kobolds
  9 rats
  A lurking horror (D:6)
204 creatures vanquished.

Notes
Turn   | Place    | Note
-------+----------+-------------------------------------------
     0 | D:1      | Gladio the Vampire Gladiator began the quest for the Orb.
     0 | D:1      | Reached XP level 1. HP: 16/16 MP: 1/1
    53 | D:1      | Reached XP level 2. HP: 18/22 MP: 2/2
   487 | D:1      | Reached skill level 4 in Short Blades
  1013 | D:2      | Gained mutation: You are afflicted with vampirism and can
                  | become a bat while bloodless. [Vampire growth]
  1013 | D:2      | Reached XP level 3. HP: 27/27 MP: 3/3
  1054 | D:2      | Reached skill level 1 in Shields
  1336 | D:2      | Reached XP level 4. HP: 33/34 MP: 4/4
  1887 | D:3      | Reached skill level 5 in Short Blades
  1887 | D:3      | Reached XP level 5. HP: 31/40 MP: 5/5
  2165 | D:3      | Found a burning altar of Makhleb.
  2165 | D:3      | Noticed a balrug
  2619 | D:4      | Noticed a black bear
  2650 | D:4      | Killed a black bear
  2651 | D:4      | Reached XP level 6. HP: 19/47 MP: 6/6
  2886 | D:4      | Identified the +3 long sword "Xath" {heavy, Drain rF+ rCorr
                  | SInv}
  2897 | D:4      | Reached skill level 6 in Short Blades
  2952 | D:4      | Found Poub's Jewellery Shoppe.
  2982 | D:4      | Noticed a water moccasin
  3003 | D:4      | Killed a water moccasin
  3187 | D:4      | Reached XP level 7. HP: 53/53 MP: 7/7
  3419 | D:4      | Found a basalt altar of Yredelemnul.
  3490 | D:4      | Reached skill level 7 in Short Blades
  3565 | D:4      | Found a shimmering blue altar of Sif Muna.
  3624 | D:4      | Found Xusuuwofy's Book Emporium.
  4135 | D:5      | Entered Level 5 of the Dungeon
  4174 | D:5      | Noticed Blork the orc
  4184 | D:5      | Killed Blork the orc
  4325 | D:5      | Reached skill level 8 in Short Blades
  4415 | D:5      | Noticed Sigmund
  4420 | D:5      | Killed Sigmund
  4421 | D:5      | Reached XP level 8. HP: 58/61 MP: 8/8
  4458 | D:5      | Reached skill level 5 in Fighting
  4498 | D:5      | Reached skill level 9 in Short Blades
  4580 | D:5      | Found a staircase to the Ecumenical Temple.
  4629 | Temple   | Entered the Ecumenical Temple
  4677 | Temple   | Became a worshipper of Dithmenos the Shadowed
  4859 | D:5      | Noticed Menkaure
  4861 | D:5      | Killed Menkaure
  5129 | D:6      | Found a one-way gate to the infinite horrors of the Abyss.
  5130 | D:6      | Found a corrupted altar of Lugonu.
  5429 | D:6      | Fell from the grace of Dithmenos
  5429 | D:6      | Became a worshipper of Lugonu the Unformed
  5651 | D:6      | Noticed Grinder
  5656 | D:6      | Paralysed by Grinder for 3 turns
  5659 | D:6      | Killed Grinder
  5674 | D:6      | Reached XP level 9. HP: 55/69 MP: 9/9
  5792 | D:6      | Noticed Eustachio
  5801 | D:6      | Killed Eustachio
  6098 | D:6      | a shapeshifter changed into a meliai
  6098 | D:6      | Noticed a meliai (shapeshifter)
  6099 | D:6      | Noticed a tengu conjurer
  6197 | D:6      | a shapeshifter changed into a fire crab
  6197 | D:6      | Noticed a fire crab (shapeshifter)
  6198 | D:6      | Noticed a centaur warrior
  6401 | D:7      | Reached skill level 1 in Invocations
  6417 | D:7      | Noticed Joseph
  6430 | D:7      | Killed Joseph
  6430 | D:7      | Reached * piety under Lugonu
  6484 | D:7      | Noticed Pikel
  6487 | D:7      | Reached skill level 5 in Long Blades
  6492 | D:7      | Killed Pikel
  6493 | D:7      | Reached skill level 5 in Dodging
  6943 | D:7      | Reached XP level 10. HP: 65/79 MP: 12/12
  7008 | D:7      | Found an ancient bone altar of Kikubaaqudgha.
  7075 | D:8      | Noticed Maggie
  7082 | D:8      | Killed Maggie
  7224 | D:8      | Found Raehoom's Jewellery Boutique.
  7384 | D:8      | Noticed Prince Ribbit
  7407 | D:8      | Killed Prince Ribbit
  7407 | D:8      | Reached ** piety under Lugonu
  7667 | D:8      | Noticed Gastronok
  8024 | D:8      | Banished a shadow demon
  8024 | D:8      | Banished a shadow demon
  8349 | D:9      | HP: 3/120 [wyvern (9)]
  8349 | D:9      | Slain by an orc warrior

Illustrated notes

Levels and vault maps discovered:
D:1:      erik_arrival_cave_to_civilisation [erik_arrival_cave_to_hall],
          layout_loops_ring, minmay_statues_item
D:2:      cheibrodos_pilgrimage, layout_basic
D:3:      layout_loops_ring, makhleb_altar_promises_db,
          minmay_fractal_squares_diagonal_5
D:4:      layout_layer_cave, lemuel_blue_sif_altar, mainiacjoe_overflow_catwalk,
          serial_shops, nicolae_shop_waterfront, shop, kennysheep_flooded_box,
          nzn_random_ring
D:5:      layout_gridville, minmay_temple_entry_nine_rooms, uniq_menkaure,
          uniq_blork_the_orc, uniq_sigmund
D:6:      layout_loops_corners, amcnicky_altar_lugonu_corruption,
          uniq_eustachio, uniq_grinder
D:7:      layout_cave_pools, lemuel_mausoleum_altar_kikubaaqudgha, uniq_pikel,
          uniq_joseph
D:8:      layout_loops_corners, mainiacjoe_overflow_tiny_flanked, serial_shops,
          kennysheep_mini_moat, uniq_prince_ribbit1, uniq_gastronok, uniq_maggie
D:9:      layout_irregular_city, erik_lair_orcish_takeover, st_stairs_1,
          minivault_16, hellmonk_scale_shop
Temple:   hellmonk_temple_forest_ring

Skill      XL: |  1  2  3  4  5  6  7  8  9 10 |
---------------+-------------------------------+-----
Fighting       | 2 3 4 6 7 |  7.8
Short Blades   | 4 5 6 8 9 |  9.9
Shields        | 1 2 3 |  3.0
Long Blades    | 2 6 8 |  8.0
Dodging        | 5 6 |  6.5
Invocations    | 2 4 |  4.2
Throwing       | |  1.5

Action                     |  1- 3 |  4- 6 |  7- 9 | 10-12 || total
---------------------------+-------+-------+-------+-------++-------
  Melee: Rapier            |   103 |   127 |       |       ||   230
         Bite              |     8 |    14 |    22 |    17 ||    61
         Long sword        |       |    41 |   231 |   128 ||   400
  Throw: Dart              |     2 |     6 |    13 |       ||    21
         Boomerang         |       |     2 |       |       ||     2
 Invoke: Banish            |       |       |       |     1 ||     1
  Evoke: Wand              |       |     1 |     2 |       ||     3
    Use: Scroll            |       |     6 |     6 |       ||    12
         Potion            |       |       |     3 |     7 ||    10
   Stab: Sleeping          |     1 |       |       |       ||     1
 Armour: Leather armour    |    13 |       |       |       ||    13
         Ring mail         |    29 |   121 |   245 |    14 ||   409
         Steam dragon scal |       |       |       |    41 ||    41
         Skin              |       |       |       |    41 ||    41
  Dodge: Dodged            |    57 |   111 |   194 |    83 ||   445
  Block: Buckler           |    14 |    35 |    82 |    35 ||   166

Table legend: (Time is in decaauts)
 A = Elapsed time spent in this place.
 B = Non-inter-level travel time spent in this place.
 C = Inter-level travel time spent in this place.
 D = Time resting spent in this place.
 E = Time spent auto-exploring this place.
 F = Levels seen in this place.
 G = Mean time per level.
                   A        B        C        D        E       F      G
               +--------+--------+--------+--------+--------+-----+--------+
         Total |   8637 |   7963 |    674 |     27 |   6203 |  10 |  863.7 |
       Dungeon |   8570 |   7961 |    609 |     27 |   6203 |   9 |  952.2 |
        Temple |     66 |      1 |     65 |      0 |      0 |   1 |   66.0 |
               +--------+--------+--------+--------+--------+-----+--------+

Top non-repeatable levels by time:
     D:4: 1780 daAuts
     D:8: 1277 daAuts
     D:6: 1251 daAuts
     D:5: 959 daAuts
     D:1: 950 daAuts
     D:3: 866 daAuts
     D:7: 811 daAuts
     D:2: 611 daAuts
  Temple: 66 daAuts
     D:9: 62 daAuts
